 Dungeon Crawl Stone Soup version 0.19.4-10-g532645f (webtiles) character file.

353 Magnus the Slasher (level 6, -15/44 HPs)
             Began as a Demonspawn Gladiator on Feb 25, 2017.
             Demolished by an ogre
             ... wielding a +0 giant spiked club
              (22 damage)
             ... on level 4 of the Dungeon.
             The game lasted 00:09:00 (4145 turns).

Magnus the Slasher (Demonspawn Gladiator)           Turns: 4145, Time: 00:09:01

Health: -15/44     AC:  8    Str: 14 (15) XL:     6   Next: 35%
Magic:  6/6        EV: 12    Int: 10      God:
Gold:   244        SH:  0    Dex: 14 (15) Spells: 0 memorised, 5 levels left

rFire  . . .     SeeInvis .     a - +0 long sword
rCold  . . .     Gourm    .     b - +0 leather armour
rNeg   . . .     Faith    .     (no shield)
rPois  .         Spirit   .     c - +0 helmet
rElec  .         Reflect  .     w - +0 cloak
rCorr  .         Harm     .     p - +0 pair of gloves
MR     .....                    (no boots)
Stlth  +.........               i - amulet of magic regeneration
                                (no ring)
                                (no ring)

@: no status effects
A: hooves 1, slimy green scales 1, spiny 1
a: no special abilities


You were on level 4 of the Dungeon.
You were hungry.

You visited 1 branch of the dungeon, and saw 4 of its levels.

You collected 244 gold pieces.

Inventory:

Hand Weapons
 a - a +0 long sword (weapon)
Missiles
 d - 3 throwing nets (quivered)
Armour
 b - a +0 leather armour (worn)
 c - a +0 helmet (worn)
 p - a +0 pair of gloves (worn)
 w - a +0 cloak (worn)
Jewellery
 i - an amulet of magic regeneration (around neck)
 t - an uncursed ring of stealth {unknown}
Scrolls
 g - 4 scrolls of blinking {unknown}
 k - a scroll of immolation {unknown}
 l - 2 scrolls of identify {unknown}
 m - a scroll of random uselessness {unknown}
 n - a scroll of remove curse {unknown}
 q - 2 scrolls of magic mapping {unknown}
 r - a scroll of noise {unknown}
Potions
 e - 2 potions of might
 s - a potion of degeneration
 u - a potion of lignification
Comestibles
 f - 4 bread rations
 h - 2 chunks of flesh
 j - 3 fruits
 o - a meat ration
 v - a beef jerky


   Skills:
 - Level 2.0 Fighting
 + Level 6.6 Long Blades
 - Level 1.7 Throwing
 - Level 2.6 Dodging


You had 5 spell levels left.
You didn't know any spells.

Dungeon Overview and Level Annotations

Branches:
Dungeon (4/15)
 Temple: D:4-7

Altars:
The Shining One

Annotations:
D:4 Azzok's ghost, amateur CeHu


Innate Abilities, Weirdness & Mutations

You have large cloven feet.
You are partially covered in slimy green scales. (AC +2)
You are partially covered in sharp spines.


Message History

The phantom blinks!
The orc wizard hits you with a dagger.
You barely miss the orc wizard.
The orc wizard is severely wounded.
The orc wizard is struck by your spines.
The orc wizard hits you but does no damage.
You barely miss the orc wizard.
The orc wizard is almost dead.
The orc wizard completely misses you.
You riposte.
You closely miss the orc wizard.
The orc wizard is almost dead.
You hit the orc wizard.
You kill the orc wizard!
The phantom blinks!
The ogre is struck by your spines.
The ogre hits you with a giant spiked club!!
* * * LOW HITPOINT WARNING * * *
Unknown command.
The ogre is struck by your spines.
The ogre hits you with a giant spiked club!!
Ouch! That really hurt!
You die...

....♣♣...#####..#.#
#...
#...♣♣P...#.......
#...
#.=P.♣.......#.##
#...
#..PPP.....##.##
...#
#PPP......##.##
#..# #P..♣.....##.#
#..###.P♣♣.....##..
#...##..♣♣......###
#@.#...PP.###..##
##O.....### ##..##
##.....# ##...
##...## ##.. ##...#
##. ##....## ##
#)†%...## #
.........##..##
.......#####..##


You could see an ogre.

Vanquished Creatures
  A scorpion (D:4)
  2 hounds (D:4)
  An orc priest (D:4)
  2 orc wizards
  3 gnolls (D:2)
  2 adders (D:4)
  4 worms
  5 leopard geckos
  11 orcs
  2 ball pythons
  3 giant cockroaches
  5 goblins
  9 hobgoblins
  8 jackals (D:2)
  4 bats
  5 frilled lizards
  9 kobolds
  8 rats
84 creatures vanquished.

Notes
Turn   | Place    | Note
-------+----------+-------------------------------------------
     0 | D:1      | Magnus the Demonspawn Gladiator began the quest for the Orb.
     0 | D:1      | Reached XP level 1. HP: 16/16 MP: 1/1
    82 | D:1      | Reached skill level 3 in Long Blades
   297 | D:1      | Gained mutation: You have large cloven feet. [demonic ancestry]
   297 | D:1      | Reached XP level 2. HP: 19/22 MP: 2/2
  1138 | D:2      | Gained mutation: You are partially covered in sharp spines. [demonic ancestry]
  1138 | D:2      | Reached XP level 3. HP: 26/27 MP: 3/3
  1272 | D:2      | Reached skill level 4 in Long Blades
  1876 | D:2      | Reached XP level 4. HP: 29/33 MP: 4/4
  2698 | D:3      | Reached skill level 5 in Long Blades
  3249 | D:4      | Gained mutation: You are partially covered in slimy green scales. (AC +2) [demonic ancestry]
  3249 | D:4      | Reached XP level 5. HP: 15/38 MP: 5/5
  3627 | D:4      | Reached skill level 6 in Long Blades
  3697 | D:4      | Noticed Azzok's ghost (amateur CeHu)
  3996 | D:4      | Found a glowing golden altar of the Shining One.
  4082 | D:4      | Noticed a phantom
  4092 | D:4      | Reached XP level 6. HP: 43/44 MP: 6/6
  4145 | D:4      | Demolished by an ogre

Skill      XL: |  1  2  3  4  5 |
---------------+----------------+-----
Long Blades    | 3 4 5 6 |  6.6
Fighting       | |  2.0
Throwing       | |  1.7
Dodging        | |  2.6

Action                   |  1- 3 |  4- 6 || total
-------------------------+-------+-------++-------
Melee: Long sword        |   126 |   119 ||   245
       Kick              |    25 |    39 ||    64
  Use: Potion            |       |     5 ||     5
  Eat: Chunk             |     3 |     5 ||     8
       Royal jelly       |       |     1 ||     1
Armor: Leather armour    |    46 |    23 ||    69
Dodge: Dodged            |    90 |    70 ||   160
       Rpst.: Long sword |    25 |    24 ||    49
